Selects Australian Defense Battlegroup
Selects Australian Light Infantry Section
Australian Light Infantry Section
Australian Light Infantry Section
Australian Light Infantry Section
Construct Section Command Post
Construct Platoon Command Post
6-pounder Anti-tank Gun Team
Selects Defensive Tactics
Selects CMP 15cwt Supply Run
Australian Light Infantry Section
Unlock Bishop Self-propelled Artillery
Bishop Self-propelled Artillery
Bishop Self-propelled Artillery
6-pounder Anti-tank Gun Team
Bishop Self-propelled Artillery
Selects Reinforced Resource Caches
Selects Archer Tank Destroyer